 Dungeon Crawl Stone Soup version 0.31.0-12-g77e489cdc1 (webtiles) character file.

Game seed: 12168834913098618741

197745 mopl the Unseen (level 17, 0/130 (139) HPs)
             Began as a Black Draconian Enchanter on Feb 10, 2024.
             Was the Champion of Dithmenos.
             Slain by a tyrant leech (17 damage)
             ... on level 1 of the Swamp on Feb 11, 2024.
             The game lasted 01:16:38 (31717 turns).

mopl the Unseen (Black Draconian Enchanter)        Turns: 31717, Time: 01:16:38

HP:   0/130 (139)   AC: 16    Str: 11    XL:     17   Next: 78%
MP:   27/28         EV: 15    Int: 25    God:    Dithmenos [******]
Gold: 1973          SH:  0    Dex: 13    Spells: 14/31 levels left

rFire   . . .        a - +7 dagger (drain)
rCold   . . .        C - orb {guile}
rNeg    . . .        (body armour unavailable)
rPois   +            (helmet restricted)
rElec   +            y - +1 cloak {Will+}
rCorr   +            G - +1 pair of gloves of Dawn {rElec}
SInv    .            o - +2 pair of boots of Shadows and Fog {rCorr Int+3}
Will    .....        m - amulet of magic regeneration Stlth ****++++++
                     z - ring of poison resistance
HPRegen 0.41/turn    S - ring of Shadows {Umbra +Inv Stlth+}
MPRegen 0.61/turn

%: no passive effects
@: on blink cooldown, flying, slowed, wreathed by umbra, drained, very slow
A: breathe lightning, AC +9, unfitting armour, big wings, electricity
resistance, cold-blooded
}: 1/15 runes: serpentine
a: Breathe Lightning, Renounce Religion, Evoke Invisibility, Shadow Step, Shadow
Form


You were on level 1 of the Swamp.
You worshipped Dithmenos.
Dithmenos was exalted by your worship.
You visited 6 branches of the dungeon, and saw 28 of its levels.
You also visited: Gauntlet.

You collected 3105 gold pieces.
You spent 1132 gold pieces at shops.

Inventory:

Hand Weapons
 a - a +7 dagger of draining (weapon)
 r - a +4 scimitar of flaming
Missiles
 h - 2 boomerangs
 t - a throwing net
 F - 46 poisoned darts
 Q - 8 curare-tipped darts
Armour
 o - the +2 pair of boots of Shadows and Fog (worn) {rCorr Int+3}
   (You acquired it on level 4 of the Snake Pit)

   Int+3:     It affects your intelligence (+3).
   rCorr:     It protects you from acid and corrosion.
 y - a +1 cloak of willpower (worn)
 A - a +2 kite shield of reflection
 C - an orb of guile (worn)
 G - the +1 pair of gloves of Dawn (worn) {rElec}
   (You found it on level 2 of the Snake Pit)

   rElec:     It insulates you from electricity.
 P - a scarf of resistance
Jewellery
 m - an amulet of magic regeneration (around neck)
 q - a +4 ring of slaying
 z - a ring of poison resistance (left hand)
 J - a ring of willpower
 S - the ring of Shadows (right hand) {Umbra +Inv Stlth+}
   (You found it on level 9 of the Dungeon)

   [ring of stealth]

   Umbra:     It surrounds you with an aura of shadow, increasing your stealth
   and reducing the accuracy of all others within it.
   +Inv:      It lets you turn invisible.
   Stlth+:    It makes you more stealthy.
 T - a ring of see invisible
Wands
 d - a wand of flame (17)
 j - a wand of roots (48)
 l - a wand of charming (8)
 x - a wand of acid (7)
 L - a wand of mindburst (35)
 W - a wand of polymorph (2)
Scrolls
 c - 4 scrolls of immolation
 e - 5 scrolls of fog
 f - 3 scrolls of torment
 i - 13 scrolls of teleportation
 p - 11 scrolls of revelation
 s - 3 scrolls of vulnerability
 u - 6 scrolls of butterflies {unknown}
 D - 3 scrolls of blinking
 N - 6 scrolls of poison
 U - 7 scrolls of fear
Potions
 b - a potion of berserk rage
 g - 3 potions of might
 k - 6 potions of lignification
 n - 4 potions of invisibility
 v - 4 potions of magic
 w - 9 potions of curing
 E - 4 potions of brilliance
 I - a potion of ambrosia
 M - 4 potions of enlightenment
 O - a potion of cancellation
 V - 3 potions of haste
 X - a potion of heal wounds
 Z - a potion of resistance
Miscellaneous
 R - a box of beasts
 Y - a phantom mirror


   Skills:
 + Level 9.8 Fighting
 + Level 12.0 Short Blades
 + Level 7.3 Throwing
 + Level 8.2 Dodging
 * Level 16.7 Stealth
 + Level 7.7 Spellcasting
 * Level 15.5 Hexes
 - Level 4.0 Translocations
 - Level 7.0 Invocations
 + Level 9.8 Evocations


You had 14 spell levels left.
You knew the following spells:

 Your Spells              Type           Power      Damage    Failure   Level
a - Dazzling Flash        Conj/Hex       96%        N/A       1%          3
b - Ensorcelled Hibernat  Hex/Ice        96%        N/A       1%          2
c - Confusing Touch       Hex            72%        N/A       1%          3
d - Tukima's Dance        Hex            72%        N/A       1%          3
e - Blink                 Tloc           58%        N/A       1%          2
g - Sigil of Binding      Hex            72%        N/A       1%          3
s - Slow                  Hex            100%       N/A       0%          1

Your spell library contained the following spells:

 Spells                   Type           Power      Damage    Failure   Level
 Apportation              Tloc           58%        N/A       1%          1
 Lesser Beckoning         Tloc           58%        N/A       1%          2
 Dimensional Bullseye     Hex/Tloc       27%        N/A       1%          4
 Momentum Strike          Conj/Tloc      38%        3d9       4%          2
 Foxfire                  Conj/Fire      36%        2x1d5     6%          1
 Necrotise                Necr           36%        1d5       6%          1
 Sting                    Conj/Alch      36%        1d5       6%          1
 Summon Small Mammal      Summ           36%        N/A       6%          1
 Silence                  Hex/Air        24%        N/A       7%          5
 Call Imp                 Summ           18%        N/A       10%         2
 Sublimation of Blood     Necr           9%         N/A       10%         2
 Manifold Assault         Tloc           29%        N/A       12%         4
 Call Canine Familiar     Summ           9%         N/A       19%         3
 Vampiric Draining        Necr           9%         2d6       19%         3
 Ignite Poison            Fire/Alch      9%         N/A       52%         4
 Leda's Liquefaction      Alch/Erth      4%         N/A       52%         4
 Martyr's Knell           Necr/Summ      9%         N/A       52%         4
 Sticky Flame             Fire/Alch      9%         2d5       52%         4
 Curse of Agony           Necr           9%         N/A       86%         5
 Iskenderun's Battlesphe  Conj           9%         2d6       86%         5
 Lee's Rapid Deconstruct  Erth           4%         3d5*      86%         5
 Dispersal                Tloc           14%        N/A       88%         6
 Bombard                  Conj/Erth      4%         9d2       100%        6
 Plasma Beam              Fire/Air       4%         2x1d14    100%        6
 Starburst                Conj/Fire      4%         6d4       100%        6
 Spellforged Servitor     Conj/Summ      4%         N/A       100%        7
 Summon Hydra             Summ           4%         N/A       100%        7
 Disjunction              Tloc           14%        N/A       100%        8
 Ignition                 Fire           4%         3d4       100%        8


Dungeon Overview and Level Annotations

Branches:
Dungeon (15/15)            Temple (1/1) D:6            Lair (5/5) D:10
  Swamp (1/4) Lair:2        Snake (4/4) Lair:3        Slime (0/5) Lair:5
    Orc (2/2) D:11            Elf (0/3) Orc:2        Vaults (0/5) D:13
 Depths (0/4) D:15        Gauntlet (visited)

Altars:
Ashenzari
Cheibriados
Dithmenos
Elyvilon
Fedhas
Gozag
Hepliaklqana
Kikubaaqudgha
Makhleb
Nemelex Xobeh
Okawaru
Qazlal
Ru
Sif Muna
Trog
Uskayaw
Vehumet
Wu Jian
Xom
Yredelemnul
Zin
The Shining One
Jiyva

Shops:
D:5 =   D:6 (   D:9 *   Orc:1 ?   Orc:2 ([=*!   Snake:1 =[:   Snake:3 ==

Portals:
Pandemonium: Orc:2
Ice
Cave: Swamp:1

Annotations:
D:7 2 transporters, exclusion: 2 oklob plants, Suckerboh's ghost, novice MiFi
Lair:5 3 runed translucent doors, Zimaveycw's ghost, journeyman OpFi
Swamp:1 Roxanne


Innate Abilities, Weirdness & Mutations

You can breathe wild blasts of lightning.
Your glossy black scales are hard. (AC +9)
You cannot fit into any form of body armour.
Your large and strong wings let you fly.
You are resistant to electric shocks. (rElec)
You are cold-blooded and may be slowed by cold attacks.


Message History

Press: ? - help, Shift-Dir - straight line, f - vampire mosquito
Aim: a vampire mosquito (black smoke, umbra, chance to affect: 84%)
The vampire mosquito is charmed.
The spriggan rider hits you from afar with a +0 spear.
Your azure jelly closely misses the freezing wraith.
Your azure jelly barely misses the freezing wraith. x2
Your azure jelly hits the freezing wraith.
The freezing wraith hits your azure jelly!
The freezing wraith freezes your azure jelly!
Your azure jelly resists.
The freezing wraith hits your azure jelly but does no damage.
Unknown command.
The alligator tail-slaps your vampire mosquito!
The alligator closely misses your vampire mosquito.
The bunyip claws your vampire mosquito!
The bunyip claws your vampire mosquito!!
Your vampire mosquito is destroyed!
The spriggan rider hits you but does no damage.
The freezing wraith hits your azure jelly!
The freezing wraith freezes your azure jelly.
Your azure jelly resists.
The freezing wraith hits your azure jelly.
Your azure jelly dies!
The spriggan rider hits you from afar with a +0 spear!
* * * LOW HITPOINT WARNING * * *
You emit a cloud of dark smoke.
A goliath frog comes into view.
Unknown command.
Casting: Confusing Touch (safe; 1% risk of failure)
Confirm with . or Enter, or press ? or * to list all spells.
You blink.
The goliath frog hits you.
* * * LOW HITPOINT WARNING * * *
You are splashed with acid.
You resist.
* * * LOW HITPOINT WARNING * * *
The spriggan rider hits you from afar with a +0 spear!
* * * LOW HITPOINT WARNING * * *
The goliath frog closely misses you.
The vampire mosquito closely misses you.
The tyrant leech bites you!
You die...

*,,,~***,##...##,,,,,,,,,,,,* *
**~**~~,,*.....*,~♣~~.,,~~~****
*****,,,*,§§§,*,~~.~♣,~~~~,,,~
*♣,,**#§#**.~~....~~~~~~~~ ♣.,*
#W# *.~~.~..~~~~~~~~
♣[.###§###.~~.~♣♣~?~~~$..
*♣..§§xi...~~~~~♣♣.i~~...
♣~.§§lFw.§..~~~♣♣.~~~.~~
♣♣....y@~§...§.~♣.~~~~..
***♣.§§.~~~~~.....)...~~..~
**~♣~.~~~~~~§~..§~§....~~.~~
***,~~....~~~~....~§§♣♣♣♣♣♣i~.
*,,~~~~....~§~§>~.~~l..~~~♣~..
*,~~~.~.♣~.~~~§).....~..~.)...
**~,...♣♣♣~.~§~~))~♣♣♣♣....~~~
***.~♣* ♣..~~~~~††.~.~~♣~.~~~
*,** ♣♣..§§§§§§.~§.~♣♣~~~~


You could see a bunyip, 2 alligators, a tyrant leech, a spriggan rider, a
freezing wraith, a goliath frog and a vampire mosquito.

Vanquished Creatures
  Rupert (D:15)
  Mlioglotl (Snake:3)
  A quicksilver dragon (Snake:4)
  5 nagarajas
  An orc warlord (Orc:1)
  Nessos (D:15)
  A minotaur (Gauntlet)
  A fire dragon (D:12)
  A quicksilver dragon zombie (D:15)
  Josephine (Lair:5)
  2 rakshasas
  4 vault guards (D:13)
  An ice dragon (D:15)
  2 ogre magi
  2 demonspawn (Orc:2)
  2 salamander tyrants (Snake:4)
  6 hydras
  An alligator (Snake:1)
  3 death knights (D:12)
  5 catoblepae
  12 anacondas
  11 centaur warriors
  15 two-headed ogres
  3 alligator snapping turtles (Snake:1)
  2 boulder beetles (D:9)
  15 death yaks
  A vampire mage (D:15)
  13 naga warriors
  5 orc high priests (Orc:2)
  7 naga sharpshooters
  Nergalle (D:11)
  10 shock serpents
  7 skeletal warriors
  A spark wasp zombie (D:15)
  8 sea snakes
  A spriggan druid (Swamp:1)
  3 goliath frogs
  3 naga ritualists
  8 mana vipers
  2 deep elf pyromancers
  6 orc knights
  9 orc sorcerers
  5 ugly things
  A necromancer (D:15)
  10 salamanders
  7 cyclopes
  3 manticores
  16 naga magi
  30 black mambas
  5 kobold blastminers
  11 guardian serpents
  A black mamba (shapeshifter) (D:12)
  10 elephants
  3 meliai (D:14)
  2 molten gargoyles (Gauntlet)
  3 gargoyles
  An unseen horror (D:12)
  6 cane toads
  An orange demon (Orc:2)
  A rime drake (Lair:4)
  Jeremiah (D:6)
  Maggie (D:6)
  10 komodo dragons
  2 tengu conjurers
  2 freezing wraiths
  9 trolls
  A blink frog (shapeshifter) (D:12)
  2 red devils (Orc:2)
  3 hornets
  2 polar bears
  A wolf spider simulacrum (D:15)
  2 snapping turtles (Snake:1)
  19 blink frogs
  4 slime creatures (D:14)
  9 spriggans
  Sigmund (D:3)
  5 centaur simulacra (D:12)
  A spriggan skeleton (D:15)
  A water elemental (D:11)
  3 wyverns
  2 basilisks (shapeshifter) (D:12)
  9 wraiths
  2 vampires
  60 yaks
  6 basilisks
  A ynoxinul (Orc:2)
  Eustachio (D:6)
  2 steam dragons
  3 vampire mosquitoes
  41 nagas
  A chaos spawn (Orc:2)
  3 acid dragons
  15 water moccasins
  Duvessa (D:5)
  A swamp drake (Swamp:1)
  A sky beast (Temple)
  35 orc warriors
  2 ice beasts
  6 black bears
  5 ogres
  12 wolves
  3 boggarts (D:15)
  8 centaurs
  2 phantoms
  2 kobold brigands
  13 bullfrogs
  A gnoll sergeant (D:11)
  3 scorpions
  4 wights (D:8)
  Dowan (D:5)
  22 killer bees
  A killer bee (shapeshifter) (D:12)
  6 electric eels
  7 hounds
  3 bombardier beetles
  30 orc priests
  4 jellies
  2 iguanas (D:5)
  2 gnoll boudas
  2 sleepcaps
  16 orc wizards
  10 gnolls
  12 adders
  2 shadow imps
  2 white imps
  4 ufetubi
  4 ribbon worms
  79 orcs
  4 ball pythons
  A bat (D:3)
  4 endoplasms
  3 giant cockroaches
  7 goblins
  4 hobgoblins
  10 jackals
  11 kobolds
  4 quokkas
  3 frilled lizards
  4 rats
889 creatures vanquished.

Vanquished Creatures (collateral kills)
  Erica (Lair:1)
  A two-headed ogre (D:9)
  A mana viper (Snake:3)
  A shadow (D:9)
  A water moccasin (Snake:3)
  An orc priest (D:5)
  2 orc wizards
  2 gnolls (D:4)
  An orc (D:5)
11 creatures vanquished.

Vanquished Creatures (others)
  An azure jelly (Swamp:1)
  An anaconda (Snake:3)
  A two-headed ogre (D:12)
  A boulder beetle (D:12)
  A mana viper (Snake:3)
  A bog body (Swamp:1)
  An orange demon (D:12)
  An unseen horror (D:12)
  2 trolls (D:12)
  6 dancing weapons
  A vampire mosquito (Swamp:1)
  A centaur (D:14)
  A howler monkey (D:14)
  An orc wizard (D:11)
  3 orcs (Orc:1)
23 creatures vanquished.

Grand Total: 923 creatures vanquished

Notes
Turn   | Place    | Note
-------+----------+-------------------------------------------
     0 | D:1      | mopl the Draconian Enchanter began the quest for the Orb.
     0 | D:1      | Reached XP level 1. HP: 14/14 MP: 3/3
   268 | D:1      | Reached XP level 2. HP: 20/20 MP: 5/5
   315 | D:1      | Learned a level 2 spell: Ensorcelled Hibernation
   462 | D:1      | Reached skill level 3 in Stealth
   828 | D:2      | Reached XP level 3. HP: 17/26 MP: 1/6
   917 | D:1      | Learned a level 3 spell: Confusing Touch
  1525 | D:3      | Reached XP level 4. HP: 33/33 MP: 4/8
  1529 | D:3      | Learned a level 3 spell: Tukima's Dance
  1560 | D:3      | Identified the +9 hand axe of the Eleven Planets {pain,
                  | Str+3 SInv}
  1672 | D:3      | Noticed Sigmund
  1676 | D:3      | Killed Sigmund
  1677 | D:3      | Reached skill level 4 in Stealth
  1677 | D:3      | Reached XP level 5. HP: 38/38 MP: 6/10
  1868 | D:3      | Found a hazy altar of Hepliaklqana.
  1916 | D:3      | Reached XP level 6. HP: 45/45 MP: 8/11
  2469 | D:4      | Learned a level 3 spell: Dazzling Flash
  2685 | D:4      | Your scales start taking on a glossy black colour.
  2685 | D:4      | Reached XP level 7. HP: 32/50 MP: 3/13
  2685 | D:4      | Gained mutation: You are resistant to electric shocks.
                  | (rElec) [Black Draconian growth]
  2886 | D:4      | Reached skill level 5 in Stealth
  3095 | D:5      | Entered Level 5 of the Dungeon
  3100 | D:5      | Learned a level 3 spell: Sigil of Binding
  3136 | D:5      | Found an ancient bone altar of Kikubaaqudgha.
  3294 | D:5      | Reached skill level 5 in Hexes
  3460 | D:5      | Found a snail-covered altar of Cheibriados.
  3484 | D:5      | Found Edghizos's Jewellery Boutique.
  3506 | D:5      | Noticed Dowan
  3506 | D:5      | Noticed Duvessa
  3514 | D:6      | Found a stormy altar of Qazlal.
  3518 | D:6      | Noticed Jeremiah
  3529 | D:6      | Found a staircase to the Ecumenical Temple.
  3539 | Temple   | Entered the Ecumenical Temple
  3559 | Temple   | Became a worshipper of Dithmenos the Shadowed
  3624 | Temple   | Reached XP level 8. HP: 29/57 MP: 2/14
  3796 | D:6      | Reached skill level 6 in Stealth
  3796 | D:6      | Reached skill level 1 in Invocations
  3807 | D:6      | Noticed Eustachio
  4066 | D:6      | Killed Eustachio
  4273 | D:6      | Killed Jeremiah
  4274 | D:6      | Reached skill level 5 in Spellcasting
  4658 | D:5      | Killed Duvessa
  4662 | D:5      | Killed Dowan
  4704 | D:5      | Reached skill level 7 in Stealth
  4704 | D:5      | Reached XP level 9. HP: 57/62 MP: 11/16
  4852 | D:5      | Reached * piety under Dithmenos
  5209 | D:6      | Found a burning altar of Makhleb.
  5209 | D:6      | Found an iron altar of Okawaru.
  5217 | D:6      | Found a white marble altar of Elyvilon.
  5219 | D:6      | Found a hide-covered altar of Uskayaw.
  5221 | D:6      | Found a basalt altar of Yredelemnul.
  5245 | D:6      | Noticed Maggie
  5252 | D:6      | Killed Maggie
  5278 | D:6      | Found Myaqag's Antique Weapon Shoppe.
  5284 | D:6      | Bought a runed dagger for 145 gold pieces
  5593 | D:7      | Reached skill level 5 in Short Blades
  5624 | D:7      | Found a transporter.
  5704 | D:7      | Noticed Suckerboh's ghost (novice MiFi)
  5711 | D:7      | Found a transporter.
  5711 | D:7      | Noticed an oklob plant
  5711 | D:7      | Noticed a cyclops
  5711 | D:7      | Noticed a brown ugly thing
  5873 | D:7      | Noticed an oklob plant
  6485 | D:8      | Reached skill level 8 in Stealth
  6757 | D:8      | Reached ** piety under Dithmenos
  6853 | D:8      | Found a glowing silver altar of Zin.
  6883 | D:8      | Reached XP level 10. HP: 40/69 MP: 15/19
  7468 | D:8      | Noticed a centaur warrior
  7472 | D:8      | Killed a centaur warrior
  7727 | D:9      | Found a bloodstained altar of Trog.
  7826 | D:9      | Reached skill level 9 in Stealth
  7826 | D:9      | Reached skill level 5 in Invocations
  8037 | D:9      | Found Nien's Serpentskin Sales.
  8192 | D:9      | Identified the +3 chain mail of Twilight {Slay+3 Stlth+}
  8221 | D:9      | Noticed a two-headed ogre
  8229 | D:9      | Killed a two-headed ogre
  8363 | D:9      | Noticed a deep elf pyromancer
  8363 | D:9      | Noticed a boulder beetle
  8363 | D:9      | Noticed a centaur warrior
  8364 | D:9      | Noticed a gargoyle
  8364 | D:9      | Noticed a skeletal warrior
  8364 | D:9      | Found the ring of Shadows {Umbra +Inv Stlth+}
  8365 | D:9      | Noticed a boulder beetle
  8366 | D:9      | Killed a deep elf pyromancer
  8384 | D:9      | Killed a centaur warrior
  8391 | D:9      | Killed a gargoyle
  8392 | D:9      | Reached XP level 11. HP: 60/74 MP: 12/20
  8441 | D:9      | Reached skill level 10 in Stealth
  8586 | D:9      | Killed a skeletal warrior
  8689 | D:9      | Reached *** piety under Dithmenos
  8709 | D:9      | Identified the +0 ice dragon scales of Courage {Harm rPois
                  | rF- rC++ Str+2 Int+3 Dex+2}
  8826 | D:9      | Killed a boulder beetle
  8934 | D:10     | Entered Level 10 of the Dungeon
  9033 | D:10     | Reached skill level 1 in Evocations
  9094 | D:10     | Found a staircase to the Lair.
  9436 | D:9      | Killed a boulder beetle
  9437 | D:9      | Reached skill level 10 in Hexes
  9905 | Lair:1   | Entered Level 1 of the Lair of Beasts
  9915 | D:10     | HP: 1/74 [wolf (6)]
 10174 | Lair:1   | Reached skill level 11 in Stealth
 10263 | Lair:1   | Noticed a death yak
 10265 | Lair:1   | Noticed a death yak
 10275 | Lair:1   | Noticed a death yak
 10278 | Lair:1   | Noticed a death yak
 10480 | D:10     | Killed a death yak
 10521 | Lair:1   | Killed a death yak
 10561 | Lair:1   | Noticed Erica
 10600 | Lair:1   | Reached **** piety under Dithmenos
 10622 | Lair:1   | Reached XP level 12. HP: 81/81 MP: 16/21
 10632 | Lair:1   | Killed a death yak
 10640 | Lair:1   | Killed a death yak
 11586 | Lair:1   | Killed Erica
 11587 | Lair:1   | Reached skill level 12 in Stealth
 11774 | Lair:2   | Noticed a seven-headed hydra
 11782 | Lair:2   | Killed a seven-headed hydra
 11783 | Lair:2   | Reached skill level 1 in Fighting
 11935 | Lair:2   | Identified the +1 quarterstaff of Uskayaw, Summoning
                  | {flame, rElec rN+ Dex-4}
 12289 | Lair:2   | Found a staircase to the Swamp.
 12392 | Lair:2   | Reached ***** piety under Dithmenos
 12953 | Lair:3   | Noticed a death yak
 12956 | Lair:3   | Noticed a death yak
 12957 | Lair:3   | Noticed a death yak
 12974 | Lair:3   | Reached skill level 5 in Evocations
 12976 | Lair:3   | Killed a death yak
 13046 | Lair:3   | Reached XP level 13. HP: 93/94 MP: 19/22
 13061 | Lair:3   | Learned a level 1 spell: Slow
 13313 | Lair:3   | You fall into a shaft and drop 2 floors!
 13313 | Lair:5   | Entered Level 5 of the Lair of Beasts
 13316 | Lair:5   | Noticed Josephine
 13510 | Lair:4   | Reached skill level 1 in Throwing
 13536 | Lair:4   | Reached skill level 13 in Stealth
 14003 | Lair:3   | Found a staircase to the Snake Pit.
 14775 | Lair:5   | Found a runed translucent gate.
 14775 | Lair:5   | Found a runed translucent gate.
 14775 | Lair:5   | Found a runed translucent gate.
 14898 | Lair:5   | Found a staircase to the Slime Pits.
 14905 | Lair:5   | Found a viscous altar of Jiyva.
 15267 | Lair:5   | Killed Josephine
 15414 | Lair:5   | Reached skill level 5 in Fighting
 15595 | Lair:5   | Noticed Zimaveycw's ghost (journeyman OpFi)
 15867 | Lair:5   | Gained mutation: Your large and strong wings let you fly.
                  | [Black Draconian growth]
 15867 | Lair:5   | Reached XP level 14. HP: 102/107 MP: 18/23
 16341 | D:11     | Noticed Nergalle
 16344 | D:11     | Killed Nergalle
 16395 | D:11     | Reached ****** piety under Dithmenos
 16435 | D:11     | Found a gate leading to a gauntlet.
 16453 | D:11     | Reached skill level 5 in Dodging
 16459 | Gauntlet | Entered a Gauntlet
 16459 | Gauntlet | Found a transporter.
 16462 | Gauntlet | Found a transporter.
 16474 | Gauntlet | Found a transporter.
 16478 | Gauntlet | Found a transporter.
 16488 | Gauntlet | Found a transporter.
 16509 | Gauntlet | Found a transporter.
 16518 | Gauntlet | Found a large runed translucent door.
 16518 | Gauntlet | Found a large runed translucent door.
 16519 | Gauntlet | Found a large runed translucent door.
 16519 | Gauntlet | Found a large runed translucent door.
 16520 | Gauntlet | Found a large runed translucent door.
 16520 | Gauntlet | Found a large runed translucent door.
 16521 | Gauntlet | Found a runed translucent gate.
 16521 | Gauntlet | Found a runed translucent door.
 16522 | Gauntlet | Found a transporter.
 16522 | Gauntlet | Found a runed translucent gate.
 16523 | Gauntlet | Found a runed translucent gate.
 16523 | Gauntlet | Found a runed translucent door.
 16524 | Gauntlet | Found a large runed translucent door.
 16524 | Gauntlet | Found a large runed translucent door.
 16525 | Gauntlet | Found a large runed translucent door.
 16526 | Gauntlet | Found a large runed translucent door.
 16536 | Gauntlet | Found a large runed translucent door.
 16536 | Gauntlet | Found a large runed translucent door.
 16537 | Gauntlet | Found a large runed translucent door.
 16538 | Gauntlet | Found a large runed translucent door.
 16540 | Gauntlet | Found a transporter.
 16544 | Gauntlet | Found a transporter.
 16547 | Gauntlet | Found a large runed translucent door.
 16547 | Gauntlet | Found a large runed translucent door.
 16553 | Gauntlet | Found a transporter.
 16570 | Gauntlet | Found a transporter.
 16574 | Gauntlet | Found a transporter.
 16748 | Gauntlet | Identified the ring "Rios Laatu" {Ice Str+4}
 16827 | Gauntlet | Reached skill level 14 in Stealth
 16838 | Gauntlet | Got Kuudd's Spellbook of the Birds
 16913 | D:11     | Found an iron altar of Okawaru.
 17279 | D:11     | Found a staircase to the Orcish Mines.
 17468 | D:11     | Identified the blade talisman "Pinkem" {rElec rC++ Will-}
 17849 | D:12     | Reached skill level 10 in Short Blades
 18726 | D:12     | Found a shimmering altar of Xom.
 18846 | D:13     | Reached XP level 15. HP: 115/116 MP: 22/24
 19445 | D:13     | Found a gate to the Vaults.
 20085 | D:14     | Found a radiant altar of Vehumet.
 20095 | D:14     | Identified 2 scrolls of acquirement
 20096 | D:14     | Acquired 723 gold pieces
 20098 | D:14     | Acquired the +3 kite shield of Grottiness {+Inv SInv}
 20415 | D:15     | Entered Level 15 of the Dungeon
 20479 | D:15     | Found a staircase to the Depths.
 20788 | D:14     | Reached skill level 5 in Throwing
 20867 | D:15     | Reached skill level 15 in Stealth
 21487 | D:15     | Learned a level 2 spell: Blink
 21570 | D:15     | Identified the maw talisman of Anarchy {rElec MP+9 Int-5
                  | Dex+7}
 21570 | D:15     | Noticed Rupert
 21572 | D:15     | Killed Rupert
 21583 | D:15     | Noticed Nessos
 21590 | D:15     | Killed Nessos
 21871 | Orc:1    | Entered Level 1 of the Orcish Mines
 21948 | Orc:2    | Entered Level 2 of the Orcish Mines
 21971 | Orc:2    | Reached skill level 1 in Translocations
 22360 | Orc:1    | Paralysed by an orc sorcerer for 4 turns
 22946 | Orc:1    | Found Hiorch's Magic Scroll Shop.
 22955 | Orc:1    | Bought a scroll of noise for 15 gold pieces
 22955 | Orc:1    | Bought a scroll of blinking for 112 gold pieces
 22955 | Orc:1    | Bought a scroll of identify for 30 gold pieces
 22959 | Orc:1    | Bought a scroll of vulnerability for 60 gold pieces
 22959 | Orc:1    | Bought a scroll of vulnerability for 60 gold pieces
 22959 | Orc:1    | Bought a scroll of teleportation for 45 gold pieces
 22959 | Orc:1    | Bought a scroll of fear for 60 gold pieces
 23135 | Orc:2    | Found Utzuin's Weapon Shoppe.
 23677 | Orc:2    | Bought 4 atropa-tipped darts for 64 gold pieces
 23713 | Orc:2    | Reached XP level 16. HP: 128/128 MP: 23/25
 23770 | Orc:2    | Found a staircase to the Elven Halls.
 23860 | Orc:2    | Found Babbough's Distillery.
 23894 | Orc:2    | Found Alef's General Store.
 24179 | Orc:2    | Bought a potion of resistance for 120 gold pieces
 24179 | Orc:2    | Bought a potion of heal wounds for 60 gold pieces
 24179 | Orc:2    | Bought a potion of heal wounds for 60 gold pieces
 24181 | Orc:2    | Bought a potion of berserk rage for 90 gold pieces
 24181 | Orc:2    | Bought a scroll of teleportation for 54 gold pieces
 25064 | Orc:2    | HP: 2/128 [demonspawn (8)]
 25421 | Orc:2    | Paralysed by an orc sorcerer for 5 turns
 25434 | Orc:2    | Found Catif's Antique Armour Shop.
 25434 | Orc:2    | Found a one-way gate leading to the halls of Pandemonium.
 25434 | Orc:2    | Found Aklegex's Jewellery Boutique.
 25438 | Orc:2    | Paralysed by an orc sorcerer for 2 turns
 25443 | Orc:2    | Bought a runed cloak for 157 gold pieces
 25652 | Snake:1  | Entered Level 1 of the Snake Pit
 26142 | Snake:1  | Found Sonnycuh's Book Boutique.
 26579 | Snake:1  | Found Loakluvaud's Antique Armour Emporium.
 26581 | Snake:1  | Found Xamiodai's Jewellery Boutique.
 27023 | Snake:1  | Upgraded the game from 0.31.0-11-ge490571c62 to
                  | 0.31.0-12-g77e489cdc1
 27515 | Snake:2  | Reached skill level 16 in Stealth
 28073 | Snake:2  | Identified the +1 pair of gloves of Dawn {rElec}
 28950 | Snake:3  | Reached XP level 17. HP: 137/137 MP: 27/27
 28974 | Snake:2  | Reached skill level 15 in Hexes
 29856 | Snake:3  | Noticed Mlioglotl
 29882 | Snake:3  | Killed Mlioglotl
 30240 | Snake:3  | Found Zooxietu's Jewellery Shoppe.
 30240 | Snake:3  | Found Deucag's Jewellery Emporium.
 30309 | Snake:4  | Entered Level 4 of the Snake Pit
 30685 | Snake:4  | Acquired the +2 pair of boots of Shadows and Fog {rCorr
                  | Int+3}
 31348 | Snake:4  | Noticed a quicksilver dragon
 31354 | Snake:4  | Killed a quicksilver dragon
 31358 | Snake:4  | Got a serpentine rune of Zot
 31644 | Swamp:1  | Entered Level 1 of the Swamp
 31644 | Swamp:1  | Noticed Roxanne
 31704 | Swamp:1  | Found a glacial archway.
 31717 | Swamp:1  | Slain by a tyrant leech

Illustrated notes

Levels and vault maps discovered:
D:1:      minmay_arrival_stone_box, layout_basic, minmay_pentomino_z2
D:2:      layout_rooms, minmay_split_cup_small
D:3:      layout_basic, nzn_hepliaklqana_mist_gate, uniq_sigmund
D:4:      layout_gridville
D:5:      layout_loops_ring, cheibriados_altar_1, mainiacjoe_overflow_boulevard,
          serial_shops, nicolae_shop_behind_doors,
          nicolae_concentric_dashed_squares_wild, uniq_duvessa
D:6:      layout_basic, nicolae_qazlal_beasts_of_the_sky,
          chequers_temple_overflow_minitemple, minmay_temple_entry_butterflies,
          serial_shops, shop, uniq_jeremiah, uniq_eustachio, uniq_maggie
D:7:      layout_basic, nzn_ghost_randoct
D:8:      layout_basic, mainiacjoe_overflow_concentric_impassable
D:9:      minmay_the_grid_triangle_9x9_recursive_2_mashed
          [minmay_the_grid_triangle_9x9_prize_center,
          minmay_the_grid_triangle_9x9_from_above,
          minmay_the_grid_triangle_9x9_wacky_v,
          minmay_the_grid_triangle_9x9_empty], layout_basic,
          mainiacjoe_overflow_24_doors, guppyfry_shop_venom
D:10:     layout_gridville, erik_lair_island
D:11:     layout_roguey, erik_orc_2, gauntlet_entry_generic,
          chequers_decorated_corner, okawaru_altar_gauntlet_db, uniq_nergalle
D:12:     regret_index_reflect_refract, layout_loops_cross, serial_demonic,
          serial_demonic_e, serial_demonic_e, serial_demonic_b,
          serial_demonic_g, xom_confusion_cloud
D:13:     layout_cave_pools, lightli_vaults_fourway_checkpoint
D:14:     layout_cave_pools, nrook_uturn, fiery_altar_vehumet
D:15:     gammafunk_depths_entry_grave, layout_gridville, nrook_pool_corridor,
          uniq_nessos, uniq_rupert
Temple:   bh_familiar_temple
Lair:1:   layout_small_grid, wad_woods_01, uniq_erica
Lair:2:   layout_cave_pods, mainiacjoe_swamp_entry_lozenge_pond, serial_bayou,
          serial_bayou_pond_e, serial_bayou_lagoon_a, serial_bayou_ford_a,
          serial_bayou_pond_b, serial_bayou_pond_a, cheibrodos_lair_reptile_den
Lair:3:   layout_roguey, guppyfry_snake_entry_garden
Lair:4:   layout_loops_ring, minivault_19
Lair:5:   evilmike_catoblepas_cave, layout_hall_layers,
          nicolae_slime_entry_field_trip, gammafunk_ghost_necromancy,
          serial_bayou_crossing, infiniplex_staircase_pool, lemuel_fruit_fields,
          uniq_josephine
Swamp:1:  layout_basic_swamp, portal_ice_cave_entry_frozen_things,
          nicolae_swamp_dense_foliage, swamp_pool_4, uniq_roxanne
Snake:1:  layout_gridlike, serial_shops, nicolae_shop_behind_doors,
          nicolae_wooded_promenade, nicolae_snake_herptile_family_reunion,
          lemuel_fruit_tree
Snake:2:  nicolae_snake_attic_fulla_snakes, layout_layer_cave
Snake:3:  layout_rooms, minmay_shoptagon, uniq_mlioglotl
Snake:4:  hellmonk_snake_rune_quicksilver_temple, layout_cave_town
Orc:1:    layout_diamond_mine, serial_shops, nicolae_lakefront_shop,
          guppyfry_library_mini
Orc:2:    pf_orc_diabolical, layout_caves, serial_shops,
          nicolae_shop_tiny_real_fake_doors

Skill      XL: |  1  2  3  4  5  6  7  8  9 10 11 12 13 14 15 16 17 |
---------------+----------------------------------------------------+-----
Stealth        | 3 4 5 7 8 9 11 12 13 14 15 16 | 16.7
Hexes          | 3 4 5 6 7 9 10 11 12 13 14 15 | 15.5
Short Blades   | 2 3 4 5 6 7 8 9 10 11 12 | 12.0
Spellcasting   | 3 4 5 6 7 |  7.7
Invocations    | 2 4 5 6 7 |  7.0
Evocations     | 3 5 6 7 8 9 |  9.8
Fighting       | 3 5 6 8 9 |  9.8
Dodging        | 3 4 5 6 7 8 |  8.2
Throwing       | 2 4 5 6 7 |  7.3
Translocations | 1 4 |  4.0

Action                     |  1- 3 |  4- 6 |  7- 9 | 10-12 | 13-15 | 16-18 || total
---------------------------+-------+-------+-------+-------+-------+-------++-------
  Melee: Dagger            |   130 |   169 |   368 |   306 |   642 |   371 ||  1986
         Tailslap          |    17 |    22 |    48 |    48 |    69 |    31 ||   235
         Punch             |     2 |     2 |     1 |       |       |       ||     5
   Cast: Ensorcelled Hiber |     8 |    16 |    61 |   132 |   219 |   229 ||   665
         Confusing Touch   |     1 |     2 |    12 |    19 |    36 |    12 ||    82
         Tukima's Dance    |       |     3 |     7 |     8 |     7 |     2 ||    27
         Dazzling Flash    |       |       |     1 |     1 |     6 |    12 ||    20
         Blink             |       |       |       |       |     1 |     3 ||     4
Ability: Breathe Lightning |       |       |       |     2 |       |       ||     2
         Evoke Invisibilit |       |       |       |       |     4 |     2 ||     6
  Evoke: Wand              |       |       |       |       |     3 |    10 ||    13
    Use: Scroll            |       |       |     5 |     4 |    17 |     8 ||    34
         Potion            |       |       |       |     2 |     2 |     4 ||     8
   Stab: Sleeping          |     6 |    13 |    52 |   112 |   264 |   230 ||   677
         Confused          |     1 |       |    13 |    22 |    37 |    14 ||    87
         Distracted        |       |       |       |     1 |     2 |     1 ||     4
         Invisible         |       |       |       |     2 |    10 |     8 ||    20
 Armour: Skin              |    75 |    81 |   289 |   208 |   316 |   291 ||  1260
  Dodge: Dodged            |    94 |   107 |   317 |   275 |   358 |   323 ||  1474
         Repelled          |       |       |       |     1 |     4 |     2 ||     7
